AoeStats
← JJ.RAMBO

Nomad

507675662Analyzed
4v4 RM · 12d ago on Sep 19, 2026· 49m 36s· 8 players
Game mode
Random Map
Map size
231×231
Population
200
Speed
Normal
Resources
Standard
Victory
Conquest
Starting age
Dark Age
Ending age
Imperial Age
RankedLock teamsTeams togetherTeam positionsShared explorationLock speedFull tech treeHidden civsTurbo modeCheats
Victory
Defeat
🇲🇽 Dravidians · Mexico
1011
+16
🇨🇾 Italians · Cyprus
998
+16
🇨🇴 Britons · Colombia
965
+18
🇨🇳 Spanish · China
945
+18
🇨🇳 Spanish · China
1043
-18
🇨🇳 Magyars · China
1032
-18
🇨🇳 Huns · China
1017
-18
🇩🇪 Hindustanis · Germany
919
-14
Quimimoshly06
3:41 Loom
14:52 Feudal Age
15:48 Double-Bit Axe
17:35 Fishing Lines
18:16 Town Watch
18:54 Fletching
21:06 Castle Age
19:19 Forging
20:40 Padded Archer Armor
22:02 Medium Warships
22:46 Bow Saw
23:59 Gold Mining
24:35 Bodkin Arrow
24:56 Leather Archer Armor
27:41 Wheelbarrow
27:29 Stone Mining
30:09 Gillnets
31:25 Thumb Ring
35:53 Imperial Age
34:07 Husbandry
34:33 Ballistics
37:16 Hand Cart
37:42 Conscription
39:24 Medical Corps
38:42 Elite Elephant Archer
42:01 Chemistry
41:04 Bracer
44:45 Ring Archer Armor
45:22 Wootz Steel
47:40 Two-Man Saw
JJ.RAMBO
7:23 Loom
18:13 Feudal Age
23:07 Castle Age
25:10 Stone Mining
24:46 Crossbowman
26:34 Double-Bit Axe
31:05 Bow Saw
32:26 Fletching
39:05 Gold Mining
39:55 Bodkin Arrow
42:46 Ballistics
46:01 Gold Shaft Mining
46:56 Pikeman
48:12 Padded Archer Armor
fuita
3:21 Loom
15:18 Feudal Age
19:27 Castle Age
19:22 Stone Mining
23:18 Double-Bit Axe
23:24 Gold Mining
神乐成风
6:08 Loom
6:13 Loom
14:52 Feudal Age
15:46 Double-Bit Axe
15:43 Horse Collar
23:07 Castle Age
23:49 Bloodlines
25:12 Bow Saw
24:54 Gold Mining
26:07 Husbandry
29:54 Wheelbarrow
31:38 Padded Archer Armor
36:17 Fletching
42:07 Imperial Age
41:59 Heavy Plow
42:11 Elite Conquistador
43:14 Conscription
43:13 Leather Archer Armor
44:30 Ring Archer Armor
44:49 Bodkin Arrow
45:40 Ballistics
46:52 Chemistry
Fantasime
14:53 Loom
16:59 Feudal Age
19:20 Double-Bit Axe
24:48 Castle Age
23:36 Bloodlines
26:04 Bow Saw
26:06 Scale Barding Armor
26:44 Gold Mining
30:58 Chain Barding Armor
37:42 Imperial Age
35:29 Horse Collar
39:02 Cavalier
42:03 Stone Mining
42:44 Paladin
45:29 Husbandry
48:24 Gold Shaft Mining
命格
4:24 Loom
14:55 Feudal Age
19:11 Fletching
19:41 Stone Mining
19:41 Double-Bit Axe
20:19 Horse Collar
20:38 Gold Mining
27:14 Castle Age
28:19 Wheelbarrow
31:31 Wheelbarrow
33:13 Bloodlines
34:18 Heavy Plow
35:57 Forging
37:01 Hand Cart
36:58 Town Watch
45:08 Imperial Age
43:04 Husbandry
43:17 Scale Barding Armor
43:27 Pikeman
44:43 Elite Skirmisher
46:37 Conscription
46:58 Padded Archer Armor
min.nicha
10:50 Loom
14:43 Feudal Age
19:02 Castle Age
22:18 Wheelbarrow
21:57 Double-Bit Axe
38:12 Horse Collar
49:18 Imperial Age
47:10 Pikeman
47:53 Squires
47:39 Arson
48:16 Forging
Jimmy Levy (GEO)
4:32 Loom
17:10 Feudal Age
22:14 Castle Age
20:34 Double-Bit Axe
23:11 Horse Collar
24:58 Bow Saw
25:41 Gold Mining
27:21 Heavy Plow
30:43 Elite Skirmisher
31:50 Town Watch
32:40 Wheelbarrow
33:08 Padded Archer Armor
32:58 Fletching
34:27 Hand Cart
34:34 Leather Archer Armor
35:35 Bodkin Arrow
36:37 Scale Mail Armor
38:47 Stone Mining
40:08 Gold Shaft Mining
43:43 Imperial Age
42:54 Stone Shaft Mining
Connection lost

Rejoining the realm…

Still unreachable

The connection could not be restored.

Session expired

The server has moved on; the page needs a fresh start.